 Dungeon Crawl Stone Soup version 0.24.0-123-gd5b16e6ec5 (webtiles) character file.

Game seed: 7757267001670133428, levelgen mode: deterministic

2914 Elellon the Basher (level 9, -4/79 HPs)
             Began as a Minotaur Fighter on Jan 9, 2020.
             Was a Believer of Okawaru.
             Slain by a worker ant (5 damage)
             ... on level 7 of the Dungeon.
             The game lasted 00:09:40 (5702 turns).

Elellon the Basher (Minotaur Fighter)               Turns: 5702, Time: 00:09:41

Health: -4/79      AC: 13    Str: 24    XL:     9   Next: 50%
Magic:  8/8        EV:  7    Int:  5    God:    Okawaru [**....]
Gold:   406        SH: 11    Dex: 10    Spells: 8/8 levels left

rFire    x . .     SeeInvis .   a - +0 flail
rCold    + . .     Gourm    .   c - +0 shield
rNeg     + + .     Faith    .   o - +1 chain mail {rN+}
rPois    .         Spirit   .   (helmet restricted)
rElec    .         Reflect  .   u - +0 cloak
rCorr    .         Harm     .   (no gloves)
MR       .....                  (no boots)
Stlth    ..........             (no amulet)
HPRegen  0.23/turn              i - ring of ice
MPRegen  0.11/turn              s - ring of positive energy

@: lethally poisoned (-4 -> -7), starving
A: retaliatory headbutt, horns 2
a: Heroism, Renounce Religion


You were on level 7 of the Dungeon.
You worshipped Okawaru.
Okawaru was pleased with you.
You were starving.

You visited 2 branches of the dungeon, and saw 8 of its levels.

You collected 406 gold pieces.

Inventory:

Hand Weapons
 a - a +0 flail (weapon)
Armour
 c - a +0 shield (worn)
 o - a +1 chain mail of positive energy (worn)
 u - a +0 cloak (worn)
Jewellery
 i - a ring of ice (left hand)
 s - a ring of positive energy (right hand)
 v - a cursed amulet of inaccuracy {unknown}
Wands
 q - a wand of iceblast (6)
Scrolls
 e - 2 scrolls of remove curse {unknown}
 h - a scroll of magic mapping {unknown}
 k - a scroll of fear {unknown}
 m - a scroll of random uselessness {unknown}
 p - 3 scrolls of teleportation {unknown}
 r - a scroll of fog {unknown}
 t - 3 scrolls of identify
 w - a scroll of summoning {unknown}
Potions
 b - 2 potions of agility {unknown}
 d - 4 potions of might
 g - a potion of invisibility {unknown}
 j - a potion of curing {unknown}
 l - a potion of degeneration {unknown}
 n - a potion of lignification {unknown}
 z - a potion of flight {unknown}
Comestibles
 f - 8 rations
 x - 10 chunks of flesh


   Skills:
 + Level 7.5 Fighting
 * Level 11.0 Maces & Flails
 + Level 7.6 Armour
 + Level 7.6 Shields


You had 8 spell levels left.
You didn't know any spells.
Your spell library was empty.

Dungeon Overview and Level Annotations

Branches:
Dungeon (7/15)             Temple (1/1) D:5

Altars:
Ashenzari
Cheibriados
Dithmenos
Elyvilon
Fedhas
Gozag
Hepliaklqana
Kikubaaqudgha
Makhleb
Nemelex Xobeh
Okawaru
Qazlal
Ru
Sif Muna
Trog
Uskayaw
Vehumet
Wu Jian
Xom
Zin
The Shining One
Beogh

Annotations:
D:5 3 runed translucent doors, FishyPogo's ghost, novice OpFE
D:6 1 runed translucent door, jaiteiro's ghost, amateur CeHu


Innate Abilities, Weirdness & Mutations

You reflexively headbutt those who attack you in melee.
You have a pair of horns on your head.


Message History

The shadow imp gestures at you. Pain shoots through your body!
* * * LOW HITPOINT WARNING * * *
You hit the worker ant but do no damage.
The worker ant is heavily wounded.
You feel sick. You block the adder's attack.
The bullfrog hits you but does no damage.
The worker ant bites you but does no damage.
The centaur hits you but does no damage.
You block the adder's attack. The bullfrog barely misses you.
The shadow imp hits you.
* * * LOW HITPOINT WARNING * * *
You barely miss the worker ant. You headbutt the worker ant.
The worker ant is severely wounded.
* * * LOW HITPOINT WARNING * * *
You feel sick. You block the worker ant's attack. The centaur hits you.
* * * LOW HITPOINT WARNING * * *
You block the bullfrog's attack. The adder bites you but does no damage.
The worker ant bites you.
You die...

....###
#...###.....#####
.........##..##
##.#......# #####
#....## ##)..####
####..## ##.#..#
#...###.##..#
#....#.## ..#
#(..#..# ..# #5a.##.#
... ##.######@F÷##.#
#.##
........Sc..##.####.#
##..................#
#############.######
#.# #.# #.# #.# #.#


You could see a bullfrog, a centaur, a worker ant, an adder and a shadow imp.

Vanquished Creatures
  A hippogriff (D:4)
  Grinder (D:3)
  A hungry ghost (D:7)
  2 ice beasts
  A sky beast (D:7)
  An orc warrior (D:5)
  5 ogres
  2 phantoms
  4 centaurs (D:6)
  A bullfrog (D:6)
  2 scorpions
  A wight (D:7)
  2 howler monkeys
  2 crimson imps
  2 bullfrog zombies (D:6)
  An orc priest (D:3)
  A hound (D:5)
  8 orc wizards
  Crazy Yiuf (D:3)
  2 iguanas
  2 worker ants
  2 hound skeletons
  2 worker ant zombies (D:7)
  3 gnolls (D:2)
  A howler monkey skeleton (D:4)
  5 adders
  3 oozes
  2 adder skeletons
  5 worms
  4 leopard geckos
  27 orcs
  4 giant cockroaches
  8 hobgoblins
  12 jackals
  5 quokkas
  2 ball pythons
  12 bats
  6 frilled lizards (D:1)
  6 goblins
  11 kobolds
  A leopard gecko skeleton (D:4)
  2 quokka skeletons
  10 rats
176 creatures vanquished.

Notes
Turn   | Place    | Note
-------+----------+-------------------------------------------
     0 | D:1      | Elellon the Minotaur Fighter began the quest for the Orb.
     0 | D:1      | Reached XP level 1. HP: 19/19 MP: 0/0
    87 | D:1      | Reached skill level 3 in Maces & Flails
    99 | D:1      | Reached XP level 2. HP: 9/26 MP: 1/1
   471 | D:1      | Reached skill level 4 in Maces & Flails
   627 | D:1      | Reached XP level 3. HP: 30/31 MP: 2/2
  1436 | D:2      | Reached skill level 5 in Maces & Flails
  1558 | D:2      | Reached XP level 4. HP: 37/39 MP: 3/3
  1954 | D:3      | Noticed Grinder
  1960 | D:3      | Reached skill level 6 in Maces & Flails
  1960 | D:3      | Reached XP level 5. HP: 27/46 MP: 4/4
  1969 | D:3      | Paralysed by Grinder for 2 turns
  1995 | D:3      | Killed Grinder
  1995 | D:3      | Reached XP level 6. HP: 20/53 MP: 5/5
  2027 | D:3      | Reached skill level 7 in Maces & Flails
  2138 | D:3      | Found a runed translucent door.
  2139 | D:3      | Noticed Crazy Yiuf
  2759 | D:3      | Killed Crazy Yiuf
  2980 | D:4      | Reached XP level 7. HP: 58/60 MP: 6/6
  3358 | D:4      | Reached skill level 5 in Fighting
  3358 | D:4      | Reached skill level 5 in Armour
  3358 | D:4      | Reached skill level 5 in Shields
  3517 | D:4      | Noticed a hippogriff
  3526 | D:4      | Killed a hippogriff
  3526 | D:4      | Reached skill level 8 in Maces & Flails
  3760 | D:5      | Entered Level 5 of the Dungeon
  3804 | D:5      | Reached XP level 8. HP: 61/70 MP: 7/7
  3878 | D:5      | Reached skill level 9 in Maces & Flails
  3899 | D:5      | Found a runed translucent gate.
  3899 | D:5      | Found a runed translucent gate.
  3901 | D:5      | Noticed FishyPogo's ghost (novice OpFE)
  3903 | D:5      | Found a runed translucent gate.
  3906 | D:5      | Found a roughly hewn altar of Beogh.
  3996 | D:5      | Found a staircase to the Ecumenical Temple.
  4003 | Temple   | Entered the Ecumenical Temple
  4180 | Temple   | Became a worshipper of Warmaster Okawaru
  4471 | D:5      | You fall into a shaft and drop 1 floor!
  4501 | D:6      | Reached * piety under Okawaru
  4570 | D:6      | Reached skill level 10 in Maces & Flails
  4584 | D:6      | Reached XP level 9. HP: 25/78 MP: 8/8
  4856 | D:6      | Found a runed translucent door.
  5526 | D:6      | Noticed jaiteiro's ghost (amateur CeHu)
  5560 | D:7      | Reached ** piety under Okawaru
  5697 | D:7      | Reached skill level 11 in Maces & Flails
  5702 | D:7      | HP: 3/79 [poisoned by a worker ant]
  5702 | D:7      | HP: 1/79 [centaur (2)]
  5702 | D:7      | Slain by a worker ant

Levels and vault maps discovered:
D:1:      dpeg_arrival_solitude, layout_basic, grunt_decor_one_mirror,
          serial_park_tiny_pond, kennysheep_small_spiral, minmay_three_crescents
D:2:      minmay_alternating_diamond, layout_basic
D:3:      corexii_shack_village, layout_basic, cheibrodos_sewer_entry_bend,
          uniq_grinder, uniq_crazy_yiuf_cottage
D:4:      layout_gridville, first_ration
D:5:      layout_loops_ring, minmay_temple_entry_trees,
          biasface_ghost_orc_armoury
D:6:      layout_cave_pools, serial_park, serial_park_tiny_1,
          serial_park_tiny_1, serial_park_square2, serial_park_square3
          [serial_park_minivault_5x5_3], serial_park_tiny_pond,
          ebering_ghost_reflecting_pool
D:7:      hangedman_cross_stitches, layout_loops_ring,
          overflow_temple_1_default, kb_lookout_dungeons_type, grunt_ogre_cave,
          minmay_misc_feat_cross, uniq_menkaure
Temple:   compressed_dpeg_triangle_lava_temple

Skill      XL: |  1  2  3  4  5  6  7  8  9 |
---------------+----------------------------+-----
Maces & Flails | 3 4 5 6 7 8 10 11 | 11.0
Fighting       | 4 5 6 7 |  7.5
Armour         | 4 5 6 7 |  7.6
Shields        | 4 5 6 7 |  7.6

Action                   |  1- 3 |  4- 6 |  7- 9 || total
-------------------------+-------+-------+-------++-------
Melee: Flail             |   131 |   175 |   316 ||   622
       Headbutt          |    11 |    23 |    57 ||    91
  Use: Scroll            |       |     3 |       ||     3
  Eat: Chunk             |     2 |     5 |     9 ||    16
Armor: Scale mail        |    32 |       |       ||    32
       Chain mail        |    32 |   115 |   165 ||   312
Dodge: Dodged            |    43 |    45 |    71 ||   159
Block: Shield            |    78 |    90 |   191 ||   359
